 Dungeon Crawl Stone Soup version 0.24-a0-500-g46574c2197 (webtiles) character file.

Game seed: 17674073182732690

38 Zero the Magician (level 3, -2/25 HPs)
             Began as a Gnoll Wizard on July 15, 2019.
             Killed by divine providence
             ... invoked by an orc priest
              (13 damage)
             ... on level 1 of the Dungeon.
             The game lasted 00:02:40 (1992 turns).

Zero the Magician (Gnoll Wizard)                    Turns: 1992, Time: 00:02:40

Health: -2/25      AC:  4    Str:  9    XL:     3   Next: 43%
Magic:  7/11       EV: 14    Int: 21    God:
Gold:   75         SH:  0    Dex: 13    Spells: 5/16 levels left

rFire    . . .     SeeInvis .   e - +1 dagger (elec)
rCold    . . .     Gourm    .   (no shield)
rNeg     . . .     Faith    .   a - +0 robe
rPois    .         Spirit   .   j - +0 helmet
rElec    .         Reflect  .   f - +0 cloak
rCorr    .         Harm     .   (no gloves)
MR       .....                  (no boots)
Stlth    +++.......             (no amulet)
HPRegen  0.08/turn              (no ring)
MPRegen  0.12/turn              (no ring)

@: no status effects
A: distributed training, fangs 1, strong nose
a: no special abilities


You were on level 1 of the Dungeon.
You were not hungry.

You visited 1 branch of the dungeon, and saw 2 of its levels.

You collected 75 gold pieces.

Inventory:

Hand Weapons
 e - a +1 dagger of electrocution (weapon)
Missiles
 g - 101 stones (quivered)
Armour
 a - a +0 robe (worn)
 b - a +0 hat
 c - a +0 shield
 f - a +0 cloak (worn)
 j - a +0 helmet (worn)
Scrolls
 i - a scroll of noise {unknown}
 m - 3 scrolls of identify {unknown}
Potions
 h - a potion of lignification {unknown}
 k - 2 potions of might {unknown}
Comestibles
 d - 3 rations
 l - 4 chunks of flesh


   Skills:
 + Level 0.7 Fighting
 + Level 0.7 Short Blades
 + Level 0.7 Long Blades
 + Level 0.7 Axes
 + Level 0.7 Maces & Flails
 + Level 0.7 Polearms
 + Level 0.7 Staves
 + Level 0.7 Slings
 + Level 0.7 Bows
 + Level 0.7 Crossbows
 + Level 0.7 Throwing
 + Level 0.7 Armour
 + Level 4.5 Dodging
 + Level 4.1 Stealth
 + Level 0.7 Shields
 + Level 0.7 Unarmed Combat
 + Level 7.1 Spellcasting
 + Level 2.1 Conjurations
 + Level 0.5 Hexes
 + Level 0.5 Charms
 + Level 2.1 Summonings
 + Level 0.5 Necromancy
 + Level 2.1 Translocations
 + Level 0.5 Transmutations
 + Level 0.5 Fire Magic
 + Level 0.5 Ice Magic
 + Level 0.5 Air Magic
 + Level 0.5 Earth Magic
 + Level 0.5 Poison Magic
 + Level 0.9 Invocations
 + Level 0.7 Evocations


You had 5 spell levels left.
You knew the following spells:

 Your Spells              Type           Power        Failure   Level  Hunger
a - Magic Dart            Conj           ###.         3%          1    None
b - Blink                 Tloc           N/A          5%          2    None
c - Call Imp              Summ           ###.....     5%          2    None
d - Conjure Flame         Conj/Fire      ##......     16%         3    None
e - Mephitic Cloud        Conj/Pois/Air  ##......     17%         3    None

Your spell library contained the following spells:

 Spells                   Type           Power        Failure   Level  Hunger
 Slow                     Hex            #.......     11%         2    None


Dungeon Overview and Level Annotations

Branches:
Dungeon (2/15)

Altars:


Innate Abilities, Weirdness & Mutations

Your experience applies equally to all skills.
You have very sharp teeth.
Your uncanny sense of smell can sniff out nearby items.


Message History

A bat comes into view.
The orc priest invokes the aid of Beogh against you.
Beogh smites you!
There is a stone staircase leading up here.
The orc priest closely misses you.
The orc priest hits you but does no damage.
You climb upwards.
There is a stone staircase leading down, spattered with blood here.
Casting: Magic Dart (safe; 3% risk of failure)
Confirm with . or Enter, or press ? or * to list all spells.
A beastly little devil appears in a puff of flame.
The orc priest barely misses you.
The orc priest hits you with a +0 war axe.
Casting: Call Imp (safe; 5% risk of failure)
Confirm with . or Enter, or press ? or * to list all spells.
A beastly little devil appears in a puff of flame.
The orc priest invokes the aid of Beogh against you.
Beogh smites you!
Ouch! That really hurt!
You die...

#.......#### #.#.#
...........## #.#.#
............## #.#.#
....⌠........# #.#.#
...⌠>⌠.......#####.#.#
....⌠........#..##.#.#
.............##.##.#.##
............##..o)5...##
...........###.o@)5###.##
#.......#######...## ##.#
####.####...###.#.## #.#
..##'##.......####.####.#
...#.#.........# ##.##.##
...'.'.........###....##
...#.#.........##.#####
..##'##.......##..#
###...###...###...#####


You could see 2 orc priests and 2 friendly crimson imps.

Vanquished Creatures
  2 dart slugs
  A leopard gecko (D:2)
  2 orcs (D:1)
  A goblin (D:2)
  4 hobgoblins
  2 ball pythons (D:2)
  7 bats
  3 frilled lizards (D:2)
  4 kobolds
  6 rats
32 creatures vanquished.

Notes
Turn   | Place    | Note
-------+----------+-------------------------------------------
     0 | D:1      | Zero the Gnoll Wizard began the quest for the Orb.
     0 | D:1      | Reached XP level 1. HP: 13/13 MP: 8/8
   386 | D:1      | Reached XP level 2. HP: 16/19 MP: 10/10
  1159 | D:2      | Reached XP level 3. HP: 18/25 MP: 11/11
  1700 | D:1      | Learned a level 2 spell: Blink
  1703 | D:1      | Learned a level 2 spell: Call Imp
  1707 | D:1      | Learned a level 3 spell: Conjure Flame
  1711 | D:1      | Learned a level 3 spell: Mephitic Cloud
  1992 | D:1      | Killed from afar by an orc priest

Levels and vault maps discovered:
D:1:      dpeg_arrival_three_bigger_balls, layout_loops_ring,
          minmay_misc_feat_enclosed, minmay_misc_feat_tiny,
          kennysheep_decorative_pillar
D:2:      layout_basic, nemelex_altar_shiori, first_ration

Skill      XL: |  1 |
---------------+----+-----
Conjurations   | 2 |  2.1
Summonings     | 2 |  2.1
Translocations | 2 |  2.1
Fighting       | |  0.7
Short Blades   | |  0.7
Long Blades    | |  0.7
Axes           | |  0.7
Maces & Flails | |  0.7
Polearms       | |  0.7
Staves         | |  0.7
Slings         | |  0.7
Bows           | |  0.7
Crossbows      | |  0.7
Throwing       | |  0.7
Armour         | |  0.7
Dodging        | |  4.5
Stealth        | |  4.1
Shields        | |  0.7
Unarmed Combat | |  0.7
Spellcasting   | |  7.1
Hexes          | |  0.5
Charms         | |  0.5
Necromancy     | |  0.5
Transmutations | |  0.5
Fire Magic     | |  0.5
Ice Magic      | |  0.5
Air Magic      | |  0.5
Earth Magic    | |  0.5
Poison Magic   | |  0.5
Invocations    | |  0.9
Evocations     | |  0.7

Action                   || total
-------------------------++-------
Melee: Dagger            ||    66
       Bite              ||     6
       Unarmed           ||     1
 Cast: Magic Dart        ||    19
       Call Imp          ||     3
 Stab: Sleeping          ||     7
  Eat: Chunk             ||     3
Armor: Robe              ||    23
Dodge: Dodged            ||    53

Table legend:
 A = Non-vault XP
 B = Vault XP
 C = Vault XP percentage of total XP
 D = Non-vault monster count
 E = Vault monster count
 F = Vault count percentage of total count
                 A         B        C        D         E       F
            +---------+---------+-------+---------+---------+-------
      Total |      55 |       0 |   0.0 |      32 |       0 |   0.0
            +---------+---------+-------+---------+---------+-------
        D:1 |      23 |       0 |   0.0 |      13 |       0 |   0.0
        D:2 |      32 |       0 |   0.0 |      19 |       0 |   0.0
            +---------+---------+-------+---------+---------+-------
